 Dungeon Crawl Stone Soup version 0.23.2-33-g5129a83184 (webtiles) character file.

Game seed: 17445077027901057272

25 Brecoman the Skirmisher (level 3, -3/30 HPs)
             Began as a Barachi Fighter on July 1, 2019.
             Slain by Natasha (8 damage)
             ... on level 2 of the Dungeon.
             The game lasted 00:03:19 (1068 turns).

Brecoman the Skirmisher (Barachi Fighter)           Turns: 1068, Time: 00:03:20

Health: -3/30      AC:  7    Str: 18    XL:     3   Next: 6%
Magic:  3/3        EV:  7    Int:  8    God:
Gold:   48         SH:  9    Dex: 11    Spells: 1/2 levels left

rFire    . . .     SeeInvis .   a - +0 long sword
rCold    . . .     Gourm    .   c - +0 shield
rNeg     . . .     Faith    .   b - +0 scale mail
rPois    .         Spirit   .   (no helmet)
rElec    .         Reflect  .   (no cloak)
rCorr    .         Harm     .   (no gloves)
MR       .....                  (no boots)
Stlth    ..........             (no amulet)
HPRegen  0.10/turn              (no ring)
MPRegen  0.08/turn              (no ring)

@: lethally poisoned (-3 -> -5), slow
A: +LOS, swims, slowness 1, strong legs 1
a: Hop


You were on level 2 of the Dungeon.
You were not hungry.

You visited 1 branch of the dungeon, and saw 2 of its levels.

You collected 48 gold pieces.

Inventory:

Hand Weapons
 a - a +0 long sword (weapon)
Missiles
 h - 38 stones (quivered)
Armour
 b - a +0 scale mail (worn)
 c - a +0 shield (worn)
Jewellery
 k - a +3 ring of intelligence {unknown}
Scrolls
 j - 2 scrolls of identify {unknown}
 l - 2 scrolls of remove curse {unknown}
 m - a scroll of noise {unknown}
Potions
 d - a potion of might
 e - a potion of agility {unknown}
 g - 2 potions of flight {unknown}
Comestibles
 f - 3 rations
 i - a chunk of flesh


   Skills:
 + Level 4.0 Fighting
 * Level 3.1 Long Blades
 + Level 3.9 Armour
 + Level 0.3 Dodging
 + Level 3.5 Shields
 + Level 0.0 Hexes


You had one spell level left.
You knew the following spells:

 Your Spells              Type           Power        Failure   Level  Hunger
a - Confusing Touch       Hex            #.....       99%         1    ##.....

Your spell library contained the following spells:

 Spells                   Type           Power        Failure   Level  Hunger
 Confuse                  Hex            #.......     100%        3    ####...
 Gell's Gravitas          Tloc           #.........   100%        3    ####...
 Petrify                  Tmut/Erth      #.......     100%        4    #####..
 Metabolic Englaciation   Hex/Ice        #.........   100%        5    ######.
 Yara's Violent Unravell  Hex/Tmut       #.........   100%        5    ######.


Dungeon Overview and Level Annotations

Branches:
Dungeon (2/15)

Altars:

Annotations:
D:2 Natasha


Innate Abilities, Weirdness & Mutations

Shadows flee at your approach. (+LOS)
You can swim through water.
You cover ground slowly.
You can hop short distances.


Message History

The adder is moderately wounded.
You feel sick. The adder bites you but does no damage.
You block Natasha's attack. The adder bites you.
* * * LOW HITPOINT WARNING * * *
Unknown command.
You hit the adder.
The adder is heavily wounded.
You block the adder's attack. Natasha barely misses you.
You miss the adder.
The adder is heavily wounded.
The adder bites you but does no damage. Natasha claws you.
* * * LOW HITPOINT WARNING * * *
The adder bites you.
* * * LOW HITPOINT WARNING * * *
Natasha mewls in sadness.
Natasha casts a spell.
You hit the adder but do no damage.
The adder is heavily wounded.
You feel sick.
The adder bites you but does no damage. x2; Natasha claws you!
You die...

#.# #.......# #.#
#.......# #.#
#.......# #.#
#......## #.#
#......### #.#
#......'.# #.#
#......#.# #.#
#......#5#.... #.#
#....@h....[.. #.#
#....S.#.#....
#.#########.###.#.###
#....<# #.# .# #
####### #.# .# #. .#
#. #. #.


You could see Natasha, an adder and a white imp.

Vanquished Creatures
  A dart slug (D:2)
  2 ball pythons (D:1)
  A giant cockroach (D:1)
  2 goblins (D:1)
  7 hobgoblins (D:1)
  4 kobolds
  A bat (D:2)
  A frilled lizard (D:1)
  2 rats (D:1)
21 creatures vanquished.

Notes
Turn   | Place    | Note
-------+----------+-------------------------------------------
     0 | D:1      | Brecoman the Barachi Fighter began the quest for the Orb.
     0 | D:1      | Reached XP level 1. HP: 18/18 MP: 1/1
   377 | D:1      | Reached XP level 2. HP: 23/25 MP: 2/2
   988 | D:2      | Reached XP level 3. HP: 24/30 MP: 3/3
  1045 | D:2      | Learned a level 1 spell: Confusing Touch
  1058 | D:2      | Noticed Natasha
  1062 | D:2      | Reached skill level 4 in Fighting
  1068 | D:2      | Slain by Natasha

Skill      XL: |  1  2  3 |
---------------+----------+-----
Long Blades    | 3 |  3.1
Fighting       | 4 |  4.0
Armour         | |  3.9
Dodging        | |  0.3
Shields        | |  3.5

Action                   || total
-------------------------++-------
Melee: Long sword        ||    65
  Eat: Chunk             ||     1
Armor: Scale mail        ||    27
Dodge: Dodged            ||     7
Block: Shield            ||    36
       Rpst.: Long sword ||     2
